 Dungeon Crawl Stone Soup version 0.19-a0-459-gb8ed64d (webtiles) character file.

17 eoe the Conjurer (level 2, -3/20 HPs)
             Began as a Draconian Conjurer on June 2, 2016.
             Slain by a kobold
             ... wielding a +4 short sword
              (4 damage)
             ... on level 1 of the Dungeon.
             The game lasted 00:04:43 (714 turns).

eoe the Conjurer (Draconian Conjurer)                Turns: 714, Time: 00:04:43

Health: -3/20      AC:  4    Str: 10    XL:     2   Next: 44%
Magic:  0/5        EV: 12    Int: 15    God:
Gold:   48         SH:  0    Dex: 11    Spells: 1 memorised, 4 levels left

rFire  . . .     SeeInvis .     h - +3 dagger
rCold  . . .     Gourm    .     (armour unavailable)
rNeg   . . .     Faith    .     (no shield)
rPois  .         Spirit   .     (helmet restricted)
rElec  .         Dismiss  .     (no cloak)
rCorr  .         Reflect  .     (no gloves)
SustAt .         Harm     .     (no boots)
MR     .....                    (no amulet)
Stlth  ++........               (no ring)
                                (no ring)

@: very slightly contaminated, not resistant to hostile enchantments, unstealthy
A: unfitting armour, cold-blooded, AC +4
a: no special abilities


You were on level 1 of the Dungeon.
You were not hungry.

You visited 1 branch of the dungeon, and saw 1 of its levels.

You collected 48 gold pieces.

Inventory:

Hand Weapons
 h - a +3 dagger (weapon)
Scrolls
 c - a scroll of magic mapping {unknown}
 e - a scroll of immolation {unknown}
Potions
 d - a potion of curing {unknown}
 g - a potion of lignification {unknown}
Books
 a - a book of Conjurations

   Spells                             Type                      Level
   a - Magic Dart                     Conjuration                  1
   b - Searing Ray                    Conjuration                  2
   c - Dazzling Spray                 Conjuration/Hexes            3
   d - Fulminant Prism                Conjuration/Hexes            4
   e - Iskenderun's Mystic Blast      Conjuration                  4
   f - Iskenderun's Battlesphere      Conjuration/Charms           5
Comestibles
 b - a bread ration
 f - 2 chunks of flesh


   Skills:
 - Level 1.7 Dodging
 + Level 2.3 Stealth
 - Level 2.0 Spellcasting
 * Level 4.4 Conjurations


You had 4 spell levels left.
You knew the following spells:

 Your Spells              Type           Power        Failure   Level  Hunger
a - Magic Dart            Conj           ##..         4%          1    #......


Dungeon Overview and Level Annotations

Branches:
Dungeon (1/15)

Altars:


Innate Abilities, Weirdness & Mutations

Your plain brown scales are hard. (AC +4)
Your body does not fit into most forms of armour.
You are cold-blooded and may be slowed by cold attacks.


Message History

You are very lightly contaminated with residual magic.
You are momentarily dazzled by a flash of light!
The kobold barely misses you. The kobold barely misses you.
Casting: Magic Dart
Confirm with . or Enter, or press ? or * to list all spells.
Aiming: Magic Dart
Press: ? - help, Shift-Dir - straight line, f/p - kobold
Aim: a kobold, wielding an enchanted short sword You miscast Magic Dart.
Nothing appears to happen.
The kobold hits you with an enchanted short sword.
* * * LOW HITPOINT WARNING * * *
You barely miss the kobold. You tail-slap the kobold.
The kobold is severely wounded.
The kobold hits you with an enchanted short sword.
* * * LOW HITPOINT WARNING * * *
You closely miss the kobold.
The kobold is severely wounded.
The kobold hits you with an enchanted short sword.
You die...

..# #. #.# #
###.### #.# #
.....###.# #
#......... #####
#..#..##.# ....#
## #.#..##.#
###.#
#.###...##@# #
#.# #.#..(.(K.#
# #(# #.##.###.#
#
#.#.###........#
#.#.......(#####
###.####...###
....# #...#
##### ###.##
#########...####


You could see a kobold.

Vanquished Creatures
  An ooze (D:1)
  A dart slug (D:1)
  2 bats (D:1)
  2 giant cockroaches (D:1)
  A hobgoblin (D:1)
  2 kobolds (D:1)
  2 rats (D:1)
11 creatures vanquished.

Notes
Turn   | Place    | Note
--------------------------------------------------------------
     0 | D:1      | eoe the Draconian Conjurer began the quest for the Orb.
     0 | D:1      | Reached XP level 1. HP: 14/14 MP: 3/3
   451 | D:1      | Reached XP level 2. HP: 18/20 MP: 3/5
   713 | D:1      | HP: 1/20 [kobold/enchanted short sword (4)]
   714 | D:1      | Slain by a kobold

Vault maps used:
D:1:      roderic_crossed_star

Skill      XL: |  1 |
---------------+----+-----
Stealth        | 2 |  2.3
Dodging        | |  1.7
Spellcasting   | |  2.0
Conjurations   | |  4.4

Action                   || total
-------------------------++-------
Melee: Dagger            ||    17
       Tailslap          ||     3
 Cast: Magic Dart        ||    25
Armor: Skin              ||     9
Dodge: Dodged            ||    25
